 Dungeon Crawl Stone Soup version 0.22.1-6-g1668fe2 (webtiles) character file.

13043 Fang the Cleaver (level 12, -16/77 HPs)
             Began as a Gargoyle Berserker on Jan 29, 2019.
             Was a High Priest of Trog.
             Killed from afar by a white draconian annihilator (17 damage)
             ... with an iron shot
             ... on level 2 of the Abyss.
             The game lasted 00:12:48 (11288 turns).

Fang the Cleaver (Gargoyle Berserker)              Turns: 11288, Time: 00:12:49

Health: -16/77     AC: 26    Str: 24    XL:     12   Next: 1%
Magic:  10/10      EV:  8    Int: 10    God:    Trog [*****.]
Gold:   585        SH:  0    Dex: 11    Spells: 11/11 levels left

rFire    . . .     SeeInvis +   C - +0 war axe (flame)
rCold    . . .     Gourm    +   (no shield)
rNeg     + . .     Faith    .   D - +0 plate armour
rPois    ∞         Spirit   .   t - +2 helmet
rElec    +         Reflect  .   (no cloak)
rCorr    .         Harm     .   (no gloves)
MR       .....                  (no boots)
Stlth    ..........             b - amulet of the gourmand
HPRegen  0.22/turn              (no ring)
MPRegen  0.12/turn              (no ring)

@: no status effects
A: claws 1, see invisible, agile 1, blink, low mp 1, negative energy resistance
1, electricity resistance, unbreathing, petrification resistance, rot immunity,
AC +8
a: Blink, Berserk, Trog's Hand, Brothers in Arms, Renounce Religion


You were on level 2 of the Abyss.
You worshipped Trog.
Trog was extremely pleased with you.
You were very full.

You visited 2 branches of the dungeon, and saw 12 of its levels.
You visited the Abyss 1 time.
You also visited: Sewer and Ossuary.

You collected 773 gold pieces.
You spent 188 gold pieces at shops.

Inventory:

Hand Weapons
 k - a +1 war axe of chopping
 n - a +5 hand axe of electrocution
 C - a +0 war axe of flaming (weapon)
Armour
 t - a +2 helmet (worn)
 D - a +0 plate armour (worn)
Jewellery
 b - an amulet of the gourmand (around neck)
 i - an uncursed ring of positive energy {unknown}
 l - a cursed -3 ring of evasion {unknown}
Wands
 a - a wand of acid (16)
 h - a wand of digging (14)
Scrolls
 e - 5 scrolls of remove curse
 g - a scroll of fear
 m - a scroll of identify
 r - 2 scrolls of teleportation
 u - a scroll of magic mapping
 y - 2 scrolls of holy word
Potions
 d - a potion of lignification
 f - 7 potions of agility
 j - a potion of magic
 o - 4 potions of flight
 p - 8 potions of curing
 q - 2 potions of heal wounds
 s - 2 potions of ambrosia
 w - a potion of might
 x - 2 potions of berserk rage
 B - a potion of resistance
Comestibles
 c - 21 rations


   Skills:
 + Level 10.2 Fighting
 + Level 12.5 Axes
 + Level 9.6 Armour
 + Level 3.7 Dodging
 + Level 3.3 Stealth


You had 11 spell levels left.
You didn't know any spells.
Your spell library was empty.

Dungeon Overview and Level Annotations

Branches:
Dungeon (11/15)            Temple (1/1) D:4            Lair (0/6) D:9
    Orc (0/2) D:11

Altars:
Nemelex Xobeh
Sif Muna
Zin

Shops:
D:7 (?::(   D:8 !


Innate Abilities, Weirdness & Mutations

You are resistant to torment.
Your stone body is resilient. (AC +8)
You are immune to poison.
You resist negative energy. (rN+)
You are resistant to electric shocks. (rElec)
You can survive without breathing.
You are immune to petrification.
You are immune to rotting.
You have sharp fingernails.
You have supernaturally acute eyesight. (SInv)
You are agile. (Dex +2)
You can translocate small distances at will.
Your magical capacity is low. (-10% MP)


Message History

You hit the smoke demon. The smoke demon closely misses you.
The smoke demon barely misses you.
The smoke demon hits you but does no damage.
A raiju comes into view.
Unknown command.
You closely miss the white draconian annihilator.
The white draconian annihilator is heavily wounded.
You barely miss the smoke demon.
The white draconian annihilator hits you with a rapier of speed.
* * * LOW HITPOINT WARNING * * *
A raiju comes into view.
The smoke demon hits you but does no damage. x2
The smoke demon barely misses you.
Unknown command.
You hit the white draconian annihilator but do no damage.
The white draconian annihilator is heavily wounded.
You slash the smoke demon!
The white draconian annihilator gestures at you while chanting.
The iron shot hits you!
You die...

#.. .......#..# . #.
..... # . .....#
...._#. .##### ..q.. .
#.....#....# . :##.
............#..# ..
#....##....h.##...#.#.
. . #......h#..#.....
. # #........3...# #
........#q@..# #
#..... . ##...# ..
........#.### ... ..
....#.#.# ##. ....#
.#..# ##.....# .# ..#
. ..####. .# #. .


You could see a white draconian annihilator, a smoke demon and 2 raiju.

Vanquished Creatures
  An ogre mage (D:9)
  A hydra (D:9)
  Harold (D:11)
  A centaur warrior (D:9)
  A tengu warrior (D:10)
  3 wizards (D:11)
  3 trolls
  A blink frog (shapeshifter) (D:9)
  A slime creature (D:9)
  2 hippogriffs
  A shadow (D:11)
  3 yaks (D:10)
  A hungry ghost (D:9)
  A water moccasin (D:7)
  2 black bears
  An eye of draining (shapeshifter) (D:9)
  7 ice beasts
  3 orc warriors
  A necrophage (D:6)
  A sky beast (D:11)
  3 ogres
  A centaur (D:3)
  A big kobold (Sewer)
  7 bullfrogs
  10 scorpions
  7 wights
  15 killer bees
  5 howler monkeys
  5 crimson imps
  2 bullfrog zombies
  A centaur zombie (D:9)
  2 hounds
  4 jellies
  4 human zombies (Ossuary)
  2 orc priests
  A gnoll shaman (D:4)
  Crazy Yiuf (D:5)
  3 centaur skeletons
  2 bullfrog skeletons
  6 orc wizards
  3 iguanas
  5 worker ants
  3 big kobold zombies (Ossuary)
  A hound zombie (D:9)
  A hound skeleton (D:11)
  3 mummies (Ossuary)
  7 gnolls
  3 scorpion zombies (Ossuary)
  A howler monkey skeleton (D:4)
  11 adders
  3 river rats
  A shadow imp (D:10)
  An ooze (D:3)
  2 adder skeletons
  An adder zombie (D:8)
  5 worms
  2 dart slugs
  5 leopard geckos
  22 orcs
  A ball python (D:3)
  6 bats
  3 giant cockroaches
  2 gnoll zombies (Ossuary)
  5 goblins
  2 hobgoblins (D:1)
  9 jackals
  10 kobolds
  7 quokkas
  A frilled lizard (D:3)
  2 goblin zombies (Ossuary)
  A hobgoblin zombie (Ossuary)
  7 kobold zombies (Ossuary)
  A leopard gecko skeleton (D:5)
  2 leopard gecko zombies
  An orc zombie (Ossuary)
  11 rats
  3 fungi (D:9)
  A plant (D:10)
273 creatures vanquished.

Notes
Turn   | Place    | Note
-------+----------+-------------------------------------------
     0 | D:1      | Fang the Gargoyle Berserker began the quest for the Orb.
     0 | D:1      | Reached XP level 1. HP: 14/14 MP: 1/1
   114 | D:1      | Reached XP level 2. HP: 13/19 MP: 2/2
   260 | D:1      | Reached skill level 3 in Axes
   695 | D:2      | Reached XP level 3. HP: 24/24 MP: 3/3
   758 | D:2      | Reached XP level 4. HP: 28/29 MP: 4/4
  1938 | D:3      | Noticed a centaur
  1939 | D:3      | Reached ** piety under Trog
  1950 | D:3      | Killed a centaur
  1950 | D:3      | Reached skill level 4 in Axes
  1950 | D:3      | Reached XP level 5. HP: 33/33 MP: 5/5
  2106 | D:3      | Reached XP level 6. HP: 38/39 MP: 6/6
  2135 | D:3      | Found a glowing drain.
  2141 | Sewer    | Entered a sewer
  2258 | Sewer    | Found a white marble altar of Elyvilon.
  3031 | D:4      | Found a staircase to the Ecumenical Temple.
  3043 | Temple   | Entered the Ecumenical Temple
  3180 | D:4      | Noticed a troll
  3187 | D:4      | Killed a troll
  3187 | D:4      | Reached skill level 5 in Fighting
  3187 | D:4      | Reached skill level 5 in Axes
  3187 | D:4      | Reached skill level 1 in Stealth
  3187 | D:4      | Reached XP level 7. HP: 22/44 MP: 7/7
  4205 | D:5      | Entered Level 5 of the Dungeon
  4236 | D:5      | Reached skill level 6 in Axes
  4601 | D:5      | Reached XP level 8. HP: 49/50 MP: 8/8
  4763 | D:5      | Reached *** piety under Trog
  4839 | D:5      | Found a runed door.
  5106 | D:5      | Noticed Crazy Yiuf
  5109 | D:5      | Killed Crazy Yiuf
  5321 | D:6      | Reached skill level 5 in Armour
  5444 | D:6      | Reached skill level 7 in Axes
  5754 | D:7      | Found Fiseyggi's Book Boutique.
  5754 | D:7      | Found Feudghiodo's Magic Scroll Emporium.
  5806 | D:7      | Reached XP level 9. HP: 49/56 MP: 9/9
  5913 | D:7      | Found Moczix's Book Emporium.
  5948 | D:7      | Found Coruf's Antique Weapon Shoppe.
  6070 | D:7      | You fall through a shaft!
  6298 | D:7      | Found Vitoptir's Antique Weapon Shoppe.
  6376 | D:7      | Found a sand-covered staircase.
  6382 | Ossuary  | Entered an ossuary
  6434 | Ossuary  | Reached **** piety under Trog
  6458 | Ossuary  | Reached skill level 8 in Axes
  6826 | D:7      | Bought a runed war axe for 188 gold pieces
  6881 | D:8      | Found Cueps's Distillery.
  7164 | D:8      | Reached skill level 9 in Axes
  7166 | D:8      | Gained mutation: You are dopey. (Int -2) [potion of
                  | mutation]
  7166 | D:8      | Gained mutation: You are resistant to hostile enchantments.
                  | (MR+) [potion of mutation]
  7166 | D:8      | Gained mutation: You are agile. (Dex +2) [potion of
                  | mutation]
  7167 | D:8      | Lost mutation: You are resistant to hostile enchantments.
                  | (MR+) [potion of mutation]
  7167 | D:8      | Lost mutation: You are dopey. (Int -2) [potion of mutation]
  7167 | D:8      | Gained mutation: You have supernaturally acute eyesight.
                  | (SInv) [potion of mutation]
  7167 | D:8      | Gained mutation: You can translocate small distances at
                  | will. [potion of mutation]
  7167 | D:8      | Gained mutation: Your magical capacity is low. (-10% MP)
                  | [potion of mutation]
  7167 | D:8      | Gained mutation: You have sharp fingernails. [potion of
                  | mutation]
  7533 | D:9      | Noticed a troll
  7541 | D:9      | Killed a troll
  7541 | D:9      | Reached XP level 10. HP: 43/63 MP: 9/9
  7758 | D:9      | Found a staircase to the Lair.
  8038 | D:9      | Noticed an orb spider
  8042 | D:9      | an orb spider changed into an eye of draining
  8259 | D:9      | Reached ***** piety under Trog
  8426 | D:9      | Reached skill level 10 in Axes
  8457 | D:9      | Noticed an ogre mage
  8468 | D:9      | Killed an ogre mage
  8697 | D:9      | Noticed a centaur warrior
  8697 | D:9      | Noticed a four-headed hydra
  8712 | D:9      | Killed a centaur warrior
  8716 | D:9      | Killed a one-headed hydra
  8716 | D:9      | Reached skill level 11 in Axes
  8716 | D:9      | Reached XP level 11. HP: 44/71 MP: 9/9
  9431 | D:10     | Entered Level 10 of the Dungeon
  9943 | D:10     | Noticed a tengu warrior
  9961 | D:10     | Killed a tengu warrior
 10403 | D:11     | Found a staircase to the Orcish Mines.
 10536 | D:11     | Noticed Harold
 10555 | D:11     | Killed Harold
 10555 | D:11     | Reached skill level 12 in Axes
 10748 | D:11     | Noticed a wizard
 10751 | D:11     | Noticed a wizard
 10767 | D:11     | Killed a wizard
 10767 | D:11     | Reached skill level 10 in Fighting
 10771 | D:11     | Killed a wizard
 10973 | D:11     | Noticed a wizard
 10983 | D:11     | Killed a wizard
 10983 | D:11     | Reached XP level 12. HP: 57/77 MP: 10/10
 11193 | D:11     | Found the +3 warlock's mirror {reflect}
 11240 | D:11     | Cast into level 2 of the Abyss (a wizard)
 11240 | Abyss:2  | Found a burning altar of Makhleb.
 11240 | Abyss:2  | Found a corrupted altar of Lugonu.
 11260 | Abyss:2  | Noticed a white draconian annihilator
 11287 | Abyss:2  | HP: 1/77 [white draconian annihilator/rapier of speed (6)]
 11288 | Abyss:2  | Killed from afar by a white draconian annihilator

Skill      XL: |  1  2  3  4  5  6  7  8  9 10 11 |
---------------+----------------------------------+-----
Axes           | 3 4 5 6 7 9 11 12 | 12.5
Fighting       | 4 5 6 7 9 10 | 10.2
Dodging        | 2 3 |  3.7
Armour         | 4 6 7 8 9 |  9.6
Stealth        | 1 2 3 |  3.3

Action                   |  1- 3 |  4- 6 |  7- 9 | 10-12 || total
-------------------------+-------+-------+-------+-------++-------
Melee: Hand axe          |    65 |   160 |   293 |    92 ||   610
       War axe           |       |       |       |   266 ||   266
Invok: Berserk           |       |     1 |     1 |     3 ||     5
 Abil: Blink             |       |       |       |     2 ||     2
  Use: Scroll            |       |       |    23 |     3 ||    26
       Potion            |       |       |     2 |     1 ||     3
 Stab: Sleeping          |     2 |       |       |       ||     2
  Eat: Chunk             |       |    14 |    18 |    19 ||    51
Armor: Animal skin       |    28 |       |       |       ||    28
       Scale mail        |       |    93 |   116 |       ||   209
       Plate armour      |       |       |    19 |   417 ||   436
Dodge: Dodged            |    50 |   110 |   146 |   222 ||   528
